Map: Acropolis LE

Players

Future - Winner!

  • Race: Terran Terran
  • League: Grandmaster
  • Spawn Location: 11:00

Jamileon

  • Race: Protoss Protoss
  • League: Master
  • Spawn Location: 5:00

VOD

Have the link to the VOD?

Description

fvsadfafsafas

Time

  • Played on: Aug. 4, 2019, 5:34 p.m.
  • Length: 8:24
Show
View Real Time Build Order
Export as new Build Order

Future Terran - Winner!

Build Orders: Reaper Expand 

Get SALT Encoding   

  12  0:00  SCV  
  13  0:13  SCV  
  14  0:17  Supply Depot  
  14  0:25  SCV  
  15  0:39  SCV  
  15  0:40  Barracks  
  16  0:43  Refinery  
  16  0:51  SCV  
  17  1:03  SCV  
  18  1:15  SCV  
  19  1:28  Reaper, Orbital Command  
  20  1:40  Command Center  
  20  1:54  SCV, Supply Depot  
  21  2:01  Barracks Reactor  
  21  2:06  SCV  
  22  2:10  Refinery  
  22  2:18  SCV  
  23  2:24  Factory  
  23  2:28  Bunker  
  23  2:30  SCV  
  24  2:38  Marine  
  24  2:39  Marine  
  24  2:42  SCV  
  27  2:54  SCV, Orbital Command  
  27  2:56  Marine x2  
  30  3:06  SCV  
  30  3:11  Widow Mine  
  30  3:12  Starport  
  33  3:14  Marine x2  
  33  3:18  SCV  
  36  3:22  SCV  
  37  3:27  Supply Depot  
  37  3:30  SCV  
  37  3:32  Marine x2  
  40  3:34  SCV  
  40  3:39  Widow Mine  
  43  3:43  SCV  
  43  3:46  SCV  
  45  3:49  Supply Depot  
  45  3:50  Marine x2  
  45  3:52  Medivac  
  49  3:56  SCV  
  49  3:59  SCV  
  49  4:01  Barracks  
  49  4:02  Factory Tech Lab  
  50  4:08  SCV, Marine  
  50  4:09  Marine  
  53  4:11  SCV  
  53  4:14  Supply Depot  
  54  4:20  SCV  
  54  4:21  Barracks  
  54  4:23  SCV  
  56  4:27  Marine  
  56  4:28  Marine  
  56  4:29  Factory Tech Lab  
  58  4:32  SCV  
  58  4:33  Raven  
  58  4:35  SCV  
  58  4:37  Engineering Bay  
  58  4:38  Refinery  
  62  4:44  SCV  
  63  4:45  Marine  
  63  4:46  Marine  
  63  4:47  SCV  
  66  4:53  Supply Depot  
  66  4:54  Supply Depot  
  66  4:56  Factory Reactor, Stimpack  
  66  4:57  Marine  
  66  4:59  SCV x2  
  69  5:04  Terran Infantry Weapons Level 1  
  69  5:07  Marine  
  69  5:08  Refinery  
  70  5:14  Marine  
  70  5:15  SCV x2  
  70  5:17  Supply Depot  
  70  5:21  Combat Shield  
  73  5:22  Marine  
  73  5:23  Marine  
  73  5:25  Marine  
  73  5:27  SCV x2  
  78  5:28  Supply Depot  
  78  5:32  Marine  
  78  5:39  SCV  
  78  5:40  Medivac x2  
  83  5:42  Factory Reactor  
  83  5:43  Supply Depot  
  83  5:44  Supply Depot  
  88  5:50  Marauder x2, Marine x2  
  89  6:04  Command Center  
  89  6:10  Medivac x2, Marine  
  94  6:11  Marauder x2, Marine  
  95  6:19  Supply Depot  
  95  6:25  Widow Mine  
  97  6:30  Marine x2  
  103  6:32  Marauder  
  103  6:33  Marauder, Barracks  
  103  6:34  Barracks  
  103  6:41  Medivac x2  
  103  6:44  Widow Mine  
  103  6:47  Widow Mine  
  111  6:51  Marine x2  
  111  6:53  Concussive Shells  
  117  6:54  Marauder x2  
  117  6:58  SCV  
  117  7:00  Supply Depot x2  
  117  7:01  SCV  
  111  7:09  Marine  
  111  7:10  SCV  
  111  7:13  SCV, Liberator  
  111  7:14  Liberator  
  111  7:15  Marauder x2  
  116  7:17  Orbital Command  
  116  7:22  SCV  
  117  7:25  SCV  
  118  7:33  Barracks Tech Lab  
  118  7:34  SCV  
  118  7:36  Starport  
  125  7:37  SCV  
  125  7:40  Marauder, Barracks Reactor  
  121  7:44  SCV  
  121  7:46  SCV  
  121  7:50  SCV  
  107  7:52  Marauder  
  107  7:56  Marauder, Marine x2  
  105  8:00  SCV  
  105  8:01  Marauder  
  105  8:02  SCV  
  109  8:12  Refinery x2  
  106  8:14  Supply Depot  
Show
View Real Time Build Order
Export as new Build Order

Jamileon Protoss 

Build Orders: 1 Gate Expand, Phoenix Opening, Blink Stalkers 

Get SALT Encoding   

  12  0:00  Probe  
  13  0:12  Probe  
  14  0:19  Pylon  
  14  0:24  Probe  
  15  0:33  Probe  
  15  0:41  Probe  
  15  0:42  Gateway  
  16  0:48  Assimilator  
  17  0:53  Probe  
  18  1:05  Probe  
  19  1:18  Probe  
  20  1:31  Cybernetics Core  
  20  1:34  Nexus  
  20  1:39  Probe  
  21  1:46  Pylon  
  21  1:50  Assimilator  
  21  1:51  Probe  
  22  2:03  Probe  
  23  2:08  Adept  
  23  2:09  Warp Gate  
  25  2:15  Probe  
  25  2:22  Twilight Council  
  26  2:27  Probe  
  27  2:35  Probe  
  30  2:45  Probe  
  30  2:46  Probe, Blink  
  30  2:49  Sentry  
  32  2:54  Probe  
  32  2:57  Probe  
  34  3:04  Probe  
  34  3:09  Probe  
  36  3:13  Probe  
  37  3:21  Probe x2  
  37  3:26  Stalker  
  41  3:28  Gateway  
  41  3:30  Probe  
  41  3:33  Probe  
  43  3:36  Pylon  
  43  3:41  Robotics Facility  
  43  3:43  Assimilator  
  43  3:45  Phoenix, Probe  
  45  3:48  Probe  
  45  3:57  Probe  
  45  4:02  Probe  
  49  4:09  Probe  
  50  4:14  Probe  
  49  4:20  Pylon  
  49  4:22  Probe, Pylon  
  50  4:25  Stalker x2  
  54  4:40  Forge  
  54  4:41  Probe x2, Observer  
  54  4:44  Nexus  
  54  4:45  Pylon  
  57  4:51  Charge  
  57  4:53  Probe x2  
  57  4:55  Stalker  
  57  4:57  Protoss Ground Armor Level 1  
  61  5:00  Shield Battery, Pylon  
  61  5:02  Observer  
  61  5:04  Gateway  
  61  5:05  Probe  
  63  5:09  Gateway  
  63  5:10  Gateway  
  63  5:16  Probe  
  63  5:17  Probe  
  63  5:18  Stalker  
  63  5:19  Stalker  
  69  5:27  Immortal  
  70  5:28  Probe  
  70  5:29  Probe  
  70  5:32  Gateway  
  75  5:35  Gateway  
  74  5:49  Probe x2  
  74  5:55  Probe  
  74  5:58  Gateway, Probe  
  74  5:59  Immortal  
  74  6:01  Probe  
  74  6:03  Probe  
  77  6:06  Probe  
  83  6:13  Probe  
  83  6:14  Probe  
  83  6:15  Sentry x2  
  83  6:16  Probe  
  89  6:22  Pylon x2  
  89  6:23  Pylon  
  90  6:27  Pylon  
  90  6:30  Immortal  
  90  6:31  Probe x2  
  92  6:33  Assimilator  
  92  6:36  Assimilator  
  92  6:43  Sentry  
  92  6:44  Sentry  
  92  6:45  Zealot x5  
  110  6:49  Shield Battery  
  110  6:50  Probe x3  
  110  6:52  Pylon  
  113  6:57  Forge  
  97  7:11  Stalker  
  97  7:12  Stalker x5  
  109  7:25  Zealot  
  109  7:26  Zealot  
  109  7:27  Probe x2  
  115  7:36  Zealot x5  
  125  7:38  Pylon  
  86  7:53  Stalker  
  86  7:54  Stalker x2  
  80  8:01  Zealot x4  
Tags
 
Add a new tag
Caveats
  • Supply blocks, unpowered buildings, or Contaminate may cause inaccurate times.
  • Supply counts are checked every 10 seconds.